 Dungeon Crawl Stone Soup version 0.31-a0-233-g139696dc86 (webtiles) character file.

Game seed: 4753009029867215428

403 qw the Shooter (level 6, -7/37 HPs)
             Began as a Gargoyle Hexslinger on July 9, 2023.
             Mangled by an orc warrior
             ... wielding a +0 dire flail
              (12 damage)
             ... on level 3 of the Dungeon.
             The game lasted 00:01:02 (2430 turns).

qw the Shooter (Gargoyle Hexslinger)                Turns: 2430, Time: 00:01:03

Health: -7/37      AC: 11    Str: 11 (12) XL:     6   Next: 86%
Magic:  7/7        EV: 10    Int: 14 (15) God:
Gold:   79         SH:  0    Dex: 13 (14) Spells: 6/7 levels left

rFire   . . .        e - +2 sling of Foolhardiness {elec, rPois rCorr Int+2 Stlth+}
rCold   . . .        (no shield)
rNeg    + . .        k - +0 ring mail
rPois   inf          l - +0 helmet
rElec   +            f - +0 cloak
rCorr   +            (no gloves)
SInv    .            (no boots)
Will    .....        (no amulet)
Stlth   ++           (no ring)
HPRegen 0.26/turn    (no ring)
MPRegen 0.10/turn

%: no passive effects
@: about to teleport
A: sickness immunity, AC +4, negative energy resistance 1, electricity
resistance, torment resistance 1, petrification resistance
a: no special abilities


You were on level 3 of the Dungeon.
You visited 1 branch of the dungeon, and saw 4 of its levels.

You collected 142 gold pieces.
You spent 63 gold pieces at shops.


Innate Abilities, Weirdness & Mutations

You are immune to sickness and miasma.
Your stone body is resilient. (AC +4)
You are immune to poison.
You resist negative energy. (rN+)
You are resistant to electric shocks. (rElec)
You are resistant to unholy torment.
You are immune to petrification.


   Skills:
 + Level 3.5 Fighting
 - Level 6.1 Ranged Weapons
 - Level 1.5 Armour
 - Level 1.5 Dodging
 - Level 1.0 Spellcasting
 - Level 2.6 Hexes


You had 6 spell levels left.
You knew the following spells:

 Your Spells              Type           Power      Damage    Failure   Level
a - Slow                  Hex            32%        N/A       21%         1

Your spell library contained the following spells:

 Spells                   Type           Power      Damage    Failure   Level
 Inner Flame              Hex/Fire       4%         N/A       71%         3
 Portal Projectile        Hex/Tloc       8%         N/A       71%         3
 Cause Fear               Hex            4%         N/A       90%         4

Inventory:

Hand Weapons
 e - the +2 sling of Foolhardiness (weapon) {elec, rPois rCorr Int+2 Stlth+}
   (You found it on level 2 of the Dungeon)

   Int:       It affects your intelligence (+2).
   rPois:     It protects you from poison.
   rCorr:     It protects you from acid and corrosion.
   Stlth:     It makes you more stealthy.
Armour
 f - a +0 cloak (worn)
 k - a +0 ring mail (worn)
 l - a +0 helmet (worn)
Jewellery
 m - a ring of fire
Scrolls
 a - a scroll of teleportation
 g - a scroll of identify
 o - a scroll of enchant weapon
 p - a scroll of brand weapon
Potions
 b - 3 potions of curing
 h - a potion of heal wounds {unknown}
 i - a potion of haste {unknown}
 j - a potion of attraction {unknown}
 n - a potion of mutation {unknown}

Dungeon Overview and Level Annotations

Branches:
Dungeon (4/15)
 Temple: D:4-7

Altars:
Cheibriados

Shops:
D:2 *(!(*

Annotations:
D:3 3 runed translucent doors, qw's ghost, amateur GrHs


Message History

The sling bullet closely misses the orc warrior.
The orc hits you with a +0 mace. The orc warrior closely misses you.
The orc barely misses you.
A ball python comes into view.
The orc hits you but does no damage. The orc warrior closely misses you.
The orc hits you with a +0 flail.
2423 ||| STAIRDANCE The orc barely misses you.
The orc hits you with a +0 flail.
The orc warrior hits you with a +0 dire flail!
You climb upwards.
Level annotation: 3 runed translucent doors, qw's ghost, amateur GrHs
There is a stone staircase leading down here.
You shoot a sling bullet.
The sling bullet completely misses the orc warrior.
The orc hits you with a +0 mace! The orc misses you.
The orc warrior barely misses you.
You shoot a sling bullet. The sling bullet hits the orc warrior.
The orc warrior is lightly wounded.
The orc hits you but does no damage. The orc hits you with a +0 flail.
The orc warrior hits you with a +0 dire flail.
2427 ||| READING 2 scrolls of teleportation.
As you read the scroll of teleportation, it crumbles to dust.
You feel strangely unstable. The orc hits you but does no damage.
The orc warrior hits you with a +0 dire flail.
The orc hits you but does no damage.
You shoot a sling bullet.
The sling bullet barely misses the orc warrior.
The orc hits you but does no damage. The orc warrior misses you.
The orc closely misses you.
You shoot a sling bullet.
The sling bullet barely misses the orc warrior.
The orc hits you with a +0 flail. The orc barely misses you.
The orc warrior closely misses you.
You shoot a sling bullet. The sling bullet hits the orc warrior.
Lightning courses through the orc warrior!
The orc warrior is severely wounded.
The orc barely misses you.
The orc warrior hits you with a +0 dire flail!
You die...

#.###### #.# #.#.. #.#....#
#.# #.###
#.#..#.####.######.###
#.....................
###..######(######...#
#########..######.######..##
#.....................##..#.
#.###.......o.........##.!#.
#.# #...>.o@..........##.)+.
#.# #.....o...........##..+Z
#.# #.....................+Z
#.# #.....)...........##..#Z
#.# #...........(.........#W
#.# ##.................##.##
#.# #.................##..#
#.#####...###########..###..
#.##.........# #.#####.


You could see an orc warrior and 2 orcs.

Vanquished Creatures
  Sigmund (D:2)
  A scorpion (D:3)
  A howler monkey (D:2)
  An iron imp (D:3)
  Robin (D:2)
  An adder (D:3)
  An ufetubus (D:2)
  2 worms (D:2)
  4 dart slugs
  3 orcs (D:3)
  5 endoplasms
  A giant cockroach (D:2)
  10 goblins
  7 hobgoblins
  7 jackals
  4 quokkas (D:1)
  4 ball pythons
  5 bats
  6 frilled lizards
  5 kobolds
  10 rats
80 creatures vanquished.

Notes
Turn   | Place    | Note
-------+----------+-------------------------------------------
     0 | D:1      | qw the Gargoyle Hexslinger began the quest for the Orb.
     0 | D:1      | Reached XP level 1. HP: 12/12 MP: 2/2
     0 | D:1      | 0 ||| qw: Version: 0.3-a-51-g015441d
     0 | D:1      | 0 ||| qw: Game counter: 3912
     0 | D:1      | 0 ||| qw: Melee chars always use a shield: true
     0 | D:1      | 0 ||| qw: God list: Okawaru
     0 | D:1      | 0 ||| qw: Allow faded altars: false
     0 | D:1      | 0 ||| qw: Do Orc after clearing Dungeon:15 true
     0 | D:1      | 0 ||| qw: Do second Lair branch before Depths: true
     0 | D:1      | 0 ||| qw: Lair rune preference: random
     0 | D:1      | 0 ||| qw: Goals: Normal
     0 | D:1      | 0 ||| PLANNING D:1-11
    61 | D:1      | Reached XP level 2. HP: 16/16 MP: 3/3
    82 | D:1      | 82 ||| FLEEEEING.
    83 | D:1      | 83 ||| FLEEEEING.
   102 | D:1      | Reached skill level 3 in Ranged Weapons
   215 | D:1      | Reached XP level 3. HP: 21/21 MP: 4/4
   541 | D:1      | 541 ||| READING scroll labelled MOSAYXZ DAODOR.
   542 | D:1      | 542 ||| READING scroll labelled KIMIHI TEALUEG.
   546 | D:1      | 546 ||| READING scroll labelled QOREFO USEH.
   547 | D:1      | 547 ||| DROPPING scroll of poison.
   565 | D:2      | Found Tehuelai's Weapon Boutique.
   666 | D:2      | Identified the +2 sling of Foolhardiness {elec, rPois rCorr
                  | Int+2 Stlth+}
   668 | D:2      | 668 ||| SWAPPING to +2 sling of Foolhardiness {elec, rPois
                  | rCorr Int+2 Stlth+}.
   669 | D:2      | 669 ||| DROPPING +2 sling of draining.
   675 | D:2      | Noticed Sigmund
   682 | D:2      | Killed Sigmund
   683 | D:2      | Reached skill level 5 in Ranged Weapons
   683 | D:2      | Reached XP level 4. HP: 26/26 MP: 5/5
   683 | D:2      | Reached XP level 5. HP: 30/30 MP: 6/6
   683 | D:2      | Found Juanerut's General Store.
   692 | D:2      | 692 ||| BUYING potion of curing (30 gold).
   692 | D:2      | Bought a potion of curing for 30 gold pieces
   725 | D:2      | Noticed Robin
   734 | D:2      | 734 ||| FLEEEEING.
   737 | D:2      | Killed Robin
   738 | D:2      | Reached XP level 6. HP: 34/36 MP: 7/7
   880 | D:2      | Found Musubeci's Weapon Shop.
   985 | D:2      | Reached skill level 3 in Fighting
   999 | D:2      | Found Kolocw's General Store.
  1007 | D:2      | 1007 ||| SHOPLISTING +4 orcbow (280 gold, have 49).
  1007 | D:2      | 1007 ||| BUYING potion of curing (33 gold).
  1007 | D:2      | Bought a potion of curing for 33 gold pieces
  1007 | D:2      | 1007 ||| SHOPLISTING scroll of brand weapon (104 gold, have
                  | 16).
  1130 | D:2      | Found Ofocsass's Distillery.
  1141 | D:2      | 1141 ||| SHOPLISTING potion of curing (42 gold, have 16).
  1141 | D:2      | 1141 ||| SHOPLISTING potion of enlightenment (70 gold, have
                  | 16).
  1141 | D:2      | 1141 ||| SHOPLISTING potion of haste (140 gold, have 16).
  1141 | D:2      | 1141 ||| SHOPLISTING potion of might (56 gold, have 16).
  1400 | D:2      | 1400 ||| UPGRADING to +0 cloak.
  1405 | D:2      | 1405 ||| UPGRADING to +0 helmet.
  1410 | D:2      | 1410 ||| READING scroll labelled DEWAOSHR VUUNEV.
  1411 | D:2      | 1411 ||| READING scroll labelled HOHUFF WANOIMN.
  1412 | D:2      | 1412 ||| READING scroll labelled GIVAOSMI XOICS.
  1438 | D:2      | 1438 ||| DRINKING 2 amethyst potions.
  1439 | D:2      | 1439 ||| DROPPING potion of degeneration.
  1617 | D:3      | Reached skill level 6 in Ranged Weapons
  1652 | D:3      | Found a runed translucent gate.
  1652 | D:3      | Found a runed translucent gate.
  1652 | D:3      | Found a runed translucent gate.
  1911 | D:3      | Found a snail-covered altar of Cheibriados.
  1920 | D:3      | Reached skill level 1 in Armour
  2295 | D:3      | Noticed qw's ghost (amateur GrHs)
  2319 | D:3      | 2319 ||| UPGRADING to +0 ring mail.
  2329 | D:3      | 2329 ||| DROPPING +0 robe.
  2330 | D:3      | 2330 ||| READING 2 scrolls of identify.
  2330 | D:3      | 2330 ||| IDENTIFYING clear potion
  2331 | D:3      | 2331 ||| DROPPING potion of invisibility.
  2348 | D:4      | Noticed an orc warrior
  2350 | D:4      | 2350 ||| STAIRDANCE
  2423 | D:4      | 2423 ||| STAIRDANCE
  2426 | D:3      | HP: 7/37 [orc warrior/+0 dire flail (3)]
  2427 | D:3      | 2427 ||| READING 2 scrolls of teleportation.
  2430 | D:3      | Mangled by an orc warrior

Levels and vault maps discovered:
D:1:      psy_arrival_radial01, layout_basic, minmay_indecisive_spiral
D:2:      layout_basic, serial_shops, nicolae_shop_hallway_stairs,
          nicolae_shop_window_shopping, nicolae_shop_stone,
          nicolae_shop_waterfront, nicolae_square_shop, uniq_robin, uniq_sigmund
D:3:      layout_loops_ring, slow_altar_2, gammafunk_ghost_icy,
          patterned_corridor
D:4:      layout_rooms, nzn_wu_jian_council_hall, serial_curves, eino_curves_03,
          eino_curves_01, eino_curves_04, eino_curves_02, uniq_natasha

Skill      XL: |  1  2  3  4  5  6 |
---------------+-------------------+-----
Ranged Weapons | 3 5 6 |  6.1
Fighting       | 2 3 |  3.5
Armour         | 1 |  1.5
Dodging        | |  1.5
Spellcasting   | |  1.0
Hexes          | |  2.6

Action                     |  1- 3 |  4- 6 || total
---------------------------+-------+-------++-------
   Fire: Sling             |   112 |   112 ||   224
    Use: Scroll            |     3 |     5 ||     8
         Potion            |       |     1 ||     1
 Armour: Robe              |     8 |    11 ||    19
         Ring mail         |       |     7 ||     7
  Dodge: Dodged            |    23 |    30 ||    53

Table legend:
 A = Non-vault XP
 B = Vault XP
 C = Vault XP percentage of total XP
 D = Non-vault monster count
 E = Vault monster count
 F = Vault count percentage of total count
                 A         B        C        D         E       F
            +---------+---------+-------+---------+---------+-------
      Total |     276 |     301 |  52.2 |      67 |      13 |  16.2
            +---------+---------+-------+---------+---------+-------
        D:1 |      41 |       7 |  14.6 |      25 |       4 |  13.8
        D:2 |     100 |     254 |  71.8 |      21 |       8 |  27.6
        D:3 |     135 |      40 |  22.9 |      21 |       1 |   4.5
            +---------+---------+-------+---------+---------+-------
